 Dungeon Crawl Stone Soup version 0.28-a0-1382-g92835e5c71 (webtiles) character file.

Game seed: 9477047648714012618

13 sanka the Caller (level 2, 0/20 HPs)
             Began as a Gnoll Summoner on Jan 1, 2022.
             Slain by a jackal (2 damage)
             ... on level 1 of the Dungeon.
             The game lasted 00:00:55 (820 turns).

sanka the Caller (Gnoll Summoner)                    Turns: 820, Time: 00:00:55

Health: 0/20       AC:  2    Str:  7    XL:     2   Next: 37%
Magic:  6/7        EV: 13    Int: 14    God:
Gold:   36         SH:  0    Dex: 12    Spells: 7/10 levels left

rFire   . . .      SeeInvis .   (no weapon)
rCold   . . .      Faith    .   (no shield)
rNeg    . . .      Spirit   .   a - +0 robe
rPois   .          Reflect  .   (no helmet)
rElec   .          Harm     .   (no cloak)
rCorr   .          Rampage  .   (no gloves)
Will    .....                   (no boots)
Stlth   ++........              (no amulet)
HPRegen 0.06/turn               (no ring)
MPRegen 0.10/turn               (no ring)

@: no status effects
A: fangs 1, strong nose, distributed training
a: no special abilities


You were on level 1 of the Dungeon.
You visited 1 branch of the dungeon, and saw 1 of its levels.

You collected 36 gold pieces.


Innate Abilities, Weirdness & Mutations

You have very sharp teeth.
Your uncanny sense of smell can sniff out nearby items.
Your experience applies equally to all skills.


   Skills:
 + Level 0.4 Fighting
 + Level 0.4 Short Blades
 + Level 0.4 Long Blades
 + Level 0.4 Axes
 + Level 0.4 Maces & Flails
 + Level 0.4 Polearms
 + Level 0.4 Staves
 + Level 0.4 Slings
 + Level 0.4 Bows
 + Level 0.4 Crossbows
 + Level 0.4 Throwing
 + Level 0.4 Armour
 + Level 4.5 Dodging
 + Level 4.1 Stealth
 + Level 0.4 Shields
 + Level 0.4 Unarmed Combat
 + Level 4.9 Spellcasting
 + Level 0.2 Conjurations
 + Level 0.2 Hexes
 + Level 7.0 Summonings
 + Level 0.2 Necromancy
 + Level 0.2 Translocations
 + Level 0.2 Transmutations
 + Level 0.2 Fire Magic
 + Level 0.2 Ice Magic
 + Level 0.2 Air Magic
 + Level 0.2 Earth Magic
 + Level 0.2 Poison Magic
 + Level 0.5 Invocations
 + Level 0.4 Evocations


You had 7 spell levels left.
You knew the following spells:

 Your Spells              Type           Power      Damage    Failure   Level
x - Call Imp              Summ           23%        N/A       1%          2
z - Summon Small Mammal   Summ           92%        N/A       1%          1

Your spell library contained the following spells:

 Spells                   Type           Power      Damage    Failure   Level
 Call Canine Familiar     Summ           23%        N/A       3%          3
 Summon Guardian Golem    Hex/Summ       13%        N/A       12%         3
 Summon Lightning Spire   Summ/Air       13%        N/A       36%         4

Inventory:

Armour
 a - a +0 robe (worn)
Potions
 b - a potion of haste {unknown}

Dungeon Overview and Level Annotations

Branches:
Dungeon (1/15)

Altars:

.▒▒ ▒.▒▒▒ ▒▒..PP>▒▒ ▒▒
.▒ ▒.▒ ▒▒....▒▒ ▒ .▒
▒.▒▒▒▒▒▒▒▒▒.♣..P.▒ .▒
▒.▒.... ..PP♣♣♣P.▒ P▒▒
▒.▒.... .♣.P.♣.P.▒▒▒▒▒
P.▒ ▒.▒....
♣♣...♣..÷....▒ ♣.▒
▒....P5 ♣PP......▒▒▒.▒
..▒
▒...†♣♣♣...........▒
.▒▒
▒...hg♣P......▒▒▒..▒▒▒
.▒ ▒.......▒▒▒.▒.▒
▒..... ▒▒ ▒.▒▒▒▒▒.▒
▒.▒.▒▒▒..▒▒▒ ▒ ..▒
▒.▒.....▒▒ ▒▒▒▒
▒.▒▒▒▒▒▒▒ ▒.▒ ▒.▒
▒▒▒▒.▒▒▒▒ ▒.......▒


You could see a jackal and a friendly shadow imp (summoned).


Message History

The jackal barely misses you.
The jackal bites you but does no damage.
Your shadow imp closely misses the jackal.
You barely miss the jackal.
The jackal is lightly wounded.
The jackal closely misses you. The jackal barely misses you.
The jackal closely misses you.
Your shadow imp gestures at the jackal.
The jackal writhes in agony.
You hit the jackal.
The jackal is severely wounded.
The jackal misses you. The jackal closely misses you.
Your shadow imp barely misses the jackal.
You hit the jackal.
The jackal is almost dead.
The jackal bites you.
* * * LOW HITPOINT WARNING * * *
The jackal bites you.
* * * LOW HITPOINT WARNING * * *
The jackal bites you.
* * * LOW HITPOINT WARNING * * *
The jackal bites you.
* * * LOW HITPOINT WARNING * * *
Your shadow imp barely misses the jackal.
You hit the jackal.
You kill the jackal!
The jackal bites you.
You die...

Action                   || total
-------------------------++-------
Melee: Unarmed           ||    54
       Bite              ||     1
 Cast: Summon Small Mamm ||     8
       Call Imp          ||     5
 Stab: Sleeping          ||     4
Armor: Robe              ||     8
Dodge: Dodged            ||    50

Levels and vault maps discovered:
D:1:      arrival_aquarium_a, layout_loops_corners,
          shapermc_ecumenical_altar_pompeii, serial_forest,
          infiniplex_forest_lined_room_, infiniplex_forest_zigzag_1,
          infiniplex_forest_clump_diagonal, infiniplex_forest_clump_double

Notes
Turn   | Place    | Note
-------+----------+-------------------------------------------
     0 | D:1      | sanka the Gnoll Summoner began the quest for the Orb.
     0 | D:1      | Reached XP level 1. HP: 13/13 MP: 6/6
     1 | D:1      | Noticed an electric eel
   341 | D:1      | Reached XP level 2. HP: 19/19 MP: 4/7
   385 | D:1      | Learned a level 2 spell: Call Imp
   819 | D:1      | HP: 2/20 [jackal (2)]
   820 | D:1      | Slain by a jackal

Vanquished Creatures
  2 ball pythons (D:1)
  A goblin (D:1)
  A jackal (D:1)
  A kobold (D:1)
  2 frilled lizards (D:1)
7 creatures vanquished.

Vanquished Creatures (collateral kills)
  A bat (D:1)
  An endoplasm (D:1)
  2 hobgoblins (D:1)
  A frilled lizard (D:1)
  A rat (D:1)
6 creatures vanquished.

Vanquished Creatures (others)
  A plant (D:1)
1 creature vanquished.

Grand Total: 14 creatures vanquished
